 Dungeon Crawl Stone Soup version 0.22.1-2-g9c5b331 (webtiles) character file.

88 SilentRunner the Ducker (level 4, 0/44 HPs)
             Began as a Troll Fighter on Dec 18, 2018.
             Succumbed to a kobold's poison
             ... on level 3 of the Dungeon.
             The game lasted 00:08:35 (1614 turns).

SilentRunner the Ducker (Troll Fighter)             Turns: 1614, Time: 00:08:36

Health: 0/44       AC:  5    Str: 25    XL:     4   Next: 29%
Magic:  0/3        EV:  8    Int:  4    God:    Xom [.....*]
Gold:   80         SH:  9    Dex:  9    Spells: 3/3 levels left

rFire    . . .     SeeInvis .     - Unarmed
rCold    . . .     Gourm    +   b - +0 shield
rNeg     . . .     Faith    .   a - +0 robe
rPois    .         Spirit   +   (helmet restricted)
rElec    .         Reflect  .   (no cloak)
rCorr    .         Harm     .   (gloves unavailable)
MR       .....                  (boots unavailable)
Stlth    +.........             f - amulet of guardian spirit
HPRegen  0.54/turn              (no ring)
MPRegen  0.08/turn              (no ring)

@: lethally poisoned (0 -> -1)
A: large, unfitting armour, claws 3, fast metabolism 3, gourmand, regeneration
1, shaggy fur 1, tough skin 2
a: Renounce Religion


You were on level 3 of the Dungeon.
You worshipped Xom.
You were Xom's teddy bear.
You were full.

You visited 1 branch of the dungeon, and saw 3 of its levels.

You collected 80 gold pieces.

Inventory:

Hand Weapons
 e - a +0 dagger
 g - a cursed +0 club
 o - a +0 short sword
 r - a +0 mace
 x - a +0 flail
 y - a +0 flail
Missiles
 c - 13 arrows
 m - 64 stones (quivered)
 q - 22 sling bullets
 s - 21 bolts
 v - 2 javelins
 w - 5 curare-tipped needles
Armour
 a - a +0 robe (worn)
 b - a +0 shield (worn)
 j - a +0 scale mail
 k - a +0 scale mail
 p - a +0 robe
 u - a +0 leather armour
 A - a +0 scale mail of fire resistance
Jewellery
 f - an amulet of guardian spirit (around neck)
Scrolls
 h - a scroll of amnesia {unknown}
 i - a scroll of teleportation {unknown}
 t - a scroll of identify {unknown}
Potions
 n - a potion of curing {unknown}
 z - a potion of berserk rage {unknown}
Comestibles
 d - 9 rations


   Skills:
 + Level 2.7 Fighting
 + Level 0.3 Throwing
 + Level 3.1 Dodging
 + Level 0.2 Stealth
 + Level 3.0 Shields
 + Level 2.7 Unarmed Combat


You had 3 spell levels left.
You didn't know any spells.
Your spell library was empty.

Dungeon Overview and Level Annotations

Branches:
Dungeon (3/15)

Altars:
Xom

Annotations:
D:3 Sigmund


Innate Abilities, Weirdness & Mutations

You are too large for most types of armour.
You have claws for hands.
Your metabolism is lightning-fast.
You like to eat raw meat.
Your natural rate of healing is unusually fast.
You are covered in fur. (AC +1)
You have very tough skin. (AC +2)


Message History

You see here 2 poisoned needles.
You feel sick. Something completely misses you.
The kobold hits you but does no damage.
You feel sick. Something hits you!
* * * LOW HITPOINT WARNING * * *
The kobold wields an uncursed blowgun.
The kobold shoots a poisoned needle.
The poisoned needle barely misses you.
You feel sick.
You feel sick.
You hear a distant slurping noise.
You feel less confused.
You feel sick.
Xom's attention turns to you for a moment.
The air around you crackles with energy!
You are now Xom's teddy bear.
Something hits you.
* * * LOW HITPOINT WARNING * * *
Unknown command.
You die...
Xom roars with laughter!

..<.......)†.......
...........(#.......
.........<..#...##.##
∆
.......##............
....... #.#.........#
.......##(#÷.#....>.#
........(({..........
...=.....g.........#
.....(...K.@.....#
..(####...(......# .(
.......##.....# .
......... .....#
........###.....#
######### .....#
.....# ∆ ...... ∆


You could see a goblin and a kobold.

Vanquished Creatures
  Terence (D:3)
  A worker ant (D:3)
  2 dart slugs (D:1)
  An orc (D:3)
  2 giant cockroaches
  6 goblins (D:1)
  2 hobgoblins (D:1)
  8 kobolds
  2 quokkas
  4 bats
  A frilled lizard (D:1)
  6 rats
36 creatures vanquished.

Vanquished Creatures (others)
  4 toadstools (D:3)
4 creatures vanquished.

Grand Total: 40 creatures vanquished

Notes
Turn   | Place    | Note
-------+----------+-------------------------------------------
     0 | D:1      | SilentRunner the Troll Fighter began the quest for the Orb.
     0 | D:1      | Reached XP level 1. HP: 22/22 MP: 0/0
   119 | D:1      | Found a shimmering altar of Xom.
   129 | D:1      | Reached XP level 2. HP: 29/29 MP: 1/1
   222 | D:1      | Became a worshipper of Xom of Chaos
   551 | D:1      | XOM: harmless Chrm miscast
   623 | D:1      | XOM: cloud trail
   680 | D:2      | XOM is BORED!
   680 | D:2      | XOM: noise
   763 | D:2      | Reached XP level 3. HP: 34/36 MP: 2/2
   881 | D:2      | XOM: harmless Tloc miscast
  1170 | D:2      | XOM: harmless Hex miscast
  1225 | D:2      | XOM: god gift: scroll labeled ARIAWUDWIAW {god gift}
  1474 | D:2      | XOM: summons 1 hostile demon
  1533 | D:3      | Noticed Terence
  1570 | D:3      | XOM: divination: detect items
  1579 | D:3      | XOM: noise
  1582 | D:3      | Killed Terence
  1582 | D:3      | Reached XP level 4. HP: 38/44 MP: 3/3
  1595 | D:3      | Noticed Sigmund
  1613 | D:3      | XOM: harmless Chrm miscast
  1613 | D:3      | HP: 1/44 [something (6)]
  1614 | D:3      | Succumbed to a kobold's poison

Skill      XL: |  1  2  3 |
---------------+----------+-----
Dodging        | 3 |  3.1
Shields        | 3 |  3.0
Fighting       | |  2.7
Throwing       | |  0.3
Stealth        | |  0.2
Unarmed Combat | |  2.7

Action                   |  1- 3 |  4- 6 || total
-------------------------+-------+-------++-------
Melee: Unarmed           |    87 |     2 ||    89
Throw: Tomahawk          |    10 |     5 ||    15
  Use: Scroll            |     1 |       ||     1
       Potion            |     1 |       ||     1
  Eat: Chunk             |    14 |     2 ||    16
Armor: Robe              |    35 |     2 ||    37
Dodge: Dodged            |    33 |     5 ||    38
Block: Shield            |    57 |     1 ||    58
